 Dungeon Crawl Stone Soup version 0.30-a0-778-g2ef04afb54 (webtiles) character file.

Game seed: 2677965523247744549

7803 M4edhros the Spear-Bearer (level 11, -1/71 HPs)
             Began as an Octopode Fighter on Feb 16, 2023.
             Was a Believer of Zin.
             Slain by Joseph
             ... wielding a +0 quarterstaff
              (19 damage)
             ... on level 10 of the Dungeon.
             The game lasted 00:19:07 (10473 turns).

M4edhros the Spear-Bearer (Octopode Fighter)       Turns: 10473, Time: 00:19:08

Health: -1/71      AC:  1    Str:  9    XL:     11   Next: 21%
Magic:  14/14      EV: 13    Int: 13    God:    Zin [**....]
Gold:   256        SH: 17    Dex: 25    Spells: 10/10 levels left

rFire   x . .      SeeInvis .    p - +10 morningstar of the Equinox {flame, Fly rN+ Str-5 Int+2}
rCold   + . .      Faith    .    y - +0 tower shield
rNeg    + . .      Spirit   .    (helmet restricted)
rPois   .          Reflect  .    u - amulet of magic regeneration
rElec   .          Harm     .    g - +6 ring of dexterity
rCorr   +          Rampage  .    i - ring of resist corrosion
Will    .....                    f - ring of flight
Stlth   +++++                    v - ring of ice
HPRegen 0.31/turn                (no ring)
MPRegen 0.54/turn                (no ring)
                                 (no ring)
                                 (no ring)

@: about to teleport, flying
A: almost no armour, amphibious, 8 rings, camouflage 1, gelatinous body 1,
(nimble swimmer 1), tentacles, agile 1, MP-powered wands
a: Renounce Religion, Recite, Vitalisation, Donate Gold


You were on level 10 of the Dungeon.
You worshipped Zin.
Zin was pleased with you.
You visited 2 branches of the dungeon, and saw 11 of its levels.
You also visited: Sewer.

You collected 473 gold pieces.
You spent 189 gold pieces at shops.
You donated 28 gold pieces to Zin.

Inventory:

Hand Weapons
 a - a +0 trident
 p - the +10 morningstar of the Equinox (weapon) {flame, Fly rN+ Str-5 Int+2}
   (You bought it in a shop on level 2 of the Dungeon)

   Str:       It affects your strength (-5).
   Int:       It affects your intelligence (+2).
   rN:        It protects you from negative energy.
   Fly:       It grants you flight.
Missiles
 j - 36 poisoned darts (quivered)
 t - 2 curare-tipped darts
Armour
 b - a +0 buckler
 y - a +0 tower shield (worn)
Jewellery
 f - a ring of flight (on tentacle)
 g - a +6 ring of dexterity (left tentacle)
 i - a ring of resist corrosion (right tentacle)
 q - a ring of fire
 u - an amulet of magic regeneration (around mantle)
 v - a ring of ice (on tentacle)
Wands
 d - a wand of paralysis (2)
 m - a wand of flame (25)
 n - a wand of iceblast (2)
 w - a wand of acid (5)
Scrolls
 h - 3 scrolls of identify
 o - 6 scrolls of teleportation
 r - a scroll of fear
 s - 2 scrolls of immolation
 x - 4 scrolls of noise
Potions
 c - 2 potions of haste
 e - a potion of magic
 k - 4 potions of lignification
 l - a potion of brilliance
 z - a potion of mutation


   Skills:
 + Level 5.0 Fighting
 * Level 6.1 Maces & Flails
 - Level 12.4 Polearms
 + Level 5.0 Dodging
 - Level 6.0 Stealth
 * Level 6.2 Shields
 * Level 4.7 Invocations


You had 10 spell levels left.
You didn't know any spells.
Your spell library contained the following spells:

 Spells                   Type           Power      Damage    Failure   Level
 Cigotuvi's Dreadful Rot  Necr/Pois/Air  0%         N/A       99%         2
 Poisonous Vapours        Pois/Air       0%         N/A       99%         2
 Mephitic Cloud           Conj/Pois/Air  0%         N/A       100%        3
 Iskenderun's Battlesphe  Conj           0%         2d6       100%        5
 Iron Shot                Conj/Erth      0%         9d1       100%        6
 Spellforged Servitor     Conj/Summ      0%         N/A       100%        7


Dungeon Overview and Level Annotations

Branches:
Dungeon (10/15)            Temple (1/1) D:7            Lair (0/5) D:9
    Orc (0/2) D:10          Sewer (visited)

Altars:
Ashenzari
Cheibriados
Dithmenos
Elyvilon
Fedhas
Gozag
Hepliaklqana
Kikubaaqudgha
Makhleb
Nemelex Xobeh
Okawaru
Qazlal
Ru
Sif Muna
Trog
Uskayaw
Vehumet
Wu Jian
Xom
Yredelemnul
Zin
The Shining One

Shops:
D:2 (!*   D:7 (

Annotations:
D:8 Nedwor's ghost, novice GrGl
D:10 Joseph


Innate Abilities, Weirdness & Mutations

You cannot wear most types of armour.
You are amphibious.
You can wear up to eight rings at the same time.
Your skin changes colour to match your surroundings (Stealth+).
Your rubbery body absorbs attacks. (AC +1, EV +1)
((You are camouflaged when in or above water. (Stealth+)))
You have tentacles for arms and can constrict up to eight enemies at once.
You are agile. (Dex +4, Str/Int -1)
You expend magic power (3 MP) to strengthen your wands.


Message History

Unknown command.
Unknown command.
Unknown command.
Found a leather armour.
You see here a +0 leather armour.
A yak comes into view.
A centaur comes into view.
The centaur shouts!
You hear a shout!
The centaur wields a +0 shortbow.
The centaur shoots an arrow.
The arrow barely misses you.
The centaur shoots an arrow.
The arrow hits you!
* * * LOW HITPOINT WARNING * * *
Unknown command.
Unknown command.
Unknown command.
Unknown command.
Unknown command.
Unknown command.
Unknown command.
Joseph, a Mercenary comes into view.
He is wielding a +0 quarterstaff.
Joseph shouts!
The centaur unwields a +0 shortbow.
The centaur misses you. You block the centaur's attack. x3
Unknown command.
Okay, then.
Okay, then.
As you read the scroll of teleportation, it crumbles to dust.
You feel strangely unstable.
The centaur hits you but does no damage.
The centaur kicks you.
* * * LOW HITPOINT WARNING * * *
You block the centaur's attack. x3; The centaur kicks you.
* * * LOW HITPOINT WARNING * * *
The centaur misses you. You block the centaur's attack.
Your surroundings seem slightly different.
As you read the scroll of teleportation, it crumbles to dust.
You feel strangely unstable.
Joseph shouts, "At last, some action!"
Joseph hits you with a +0 quarterstaff!!
You die...

## ####### . ..... #.
....
####.##########..#######
...........ยง...c...c....
#####.........@@.......
######.###############..
.. .......##############
.. ..........[..........
.. ...............######
#. #############..# #.
#..# #. #..# #.
########..# #.


You could see Joseph and 2 centaurs.

Vanquished Creatures
  A two-headed ogre (D:9)
  Pikel (D:8)
  An orc knight (D:10)
  A gargoyle (D:10)
  Psyche (D:8)
  An unseen horror (D:7)
  A troll (D:10)
  A shadow (D:9)
  5 yaks
  Menkaure (D:7)
  Duvessa (D:6)
  A water moccasin (D:6)
  7 orc warriors
  A black bear (D:5)
  3 ice beasts
  2 ogres
  2 centaurs
  A phantom (D:4)
  A lemure (D:8)
  7 kobold brigands
  5 bullfrogs
  4 scorpions
  2 necrophages
  Dowan (D:6)
  A killer bee (D:6)
  A vampire bat (D:5)
  A jelly (D:6)
  6 hounds
  11 orc priests
  Terence (D:3)
  5 iguanas
  7 orc wizards
  4 gnolls
  10 adders
  A river rat (D:3)
  2 shadow imps (D:5)
  A howler monkey simulacrum (D:8)
  7 white imps
  An ufetubus (D:5)
  2 worms (Sewer)
  5 dart slugs
  3 fire bats (D:5)
  56 orcs
  2 spectral bats (D:5)
  3 bat skeletons (D:5)
  A bat zombie (D:5)
  12 endoplasms
  5 giant cockroaches
  12 hobgoblins
  7 jackals
  14 kobolds
  3 quokkas
  14 ball pythons
  11 bats
  A bat simulacrum (D:5)
  2 frilled lizards
  5 goblins
  10 rats
279 creatures vanquished.

Vanquished Creatures (others)
  4 toadstools (D:1)
4 creatures vanquished.

Grand Total: 283 creatures vanquished

Notes
Turn   | Place    | Note
-------+----------+-------------------------------------------
     0 | D:1      | M4edhros the Octopode Fighter began the quest for the Orb.
     0 | D:1      | Reached XP level 1. HP: 16/16 MP: 1/1
   101 | D:1      | Reached XP level 2. HP: 21/21 MP: 2/2
   145 | D:1      | Reached skill level 3 in Polearms
   289 | D:1      | Reached XP level 3. HP: 26/26 MP: 3/3
   525 | D:2      | Found Jixapl Medud's Distillery.
   665 | D:2      | Found Birotouz's Antique Weapon Shoppe.
   756 | D:2      | Found Cuivesch's General Store.
   792 | D:2      | Reached skill level 4 in Polearms
   863 | D:2      | Reached XP level 4. HP: 27/31 MP: 4/4
  1377 | D:3      | Noticed Terence
  1413 | D:3      | Killed Terence
  1414 | D:3      | Reached skill level 5 in Polearms
  1414 | D:3      | Reached XP level 5. HP: 27/36 MP: 5/5
  1597 | D:3      | Found a glowing drain.
  1601 | Sewer    | Entered a sewer
  1719 | Sewer    | Noticed a kobold brigand
  1719 | Sewer    | Noticed a kobold brigand
  1726 | Sewer    | Killed a kobold brigand
  1727 | Sewer    | Reached skill level 6 in Polearms
  1727 | Sewer    | Reached XP level 6. HP: 42/42 MP: 6/6
  1793 | Sewer    | Reached skill level 7 in Polearms
  1862 | Sewer    | HP: 1/42 [kobold brigand/+0 short sword (8)]
  1869 | Sewer    | Reached XP level 7. HP: 14/46 MP: 7/7
  2275 | Sewer    | Reached skill level 8 in Polearms
  2512 | D:3      | Found an iron altar of Okawaru.
  3498 | D:5      | Entered Level 5 of the Dungeon
  3507 | D:5      | Reached skill level 9 in Polearms
  3507 | D:5      | Reached XP level 8. HP: 41/52 MP: 8/8
  4149 | D:5      | Reached skill level 10 in Polearms
  4514 | D:5      | Reached skill level 11 in Polearms
  4680 | D:5      | Reached XP level 9. HP: 51/56 MP: 9/9
  5028 | D:6      | Noticed Dowan
  5527 | D:6      | Reached skill level 12 in Polearms
  5777 | D:6      | Noticed Duvessa
  5780 | D:6      | Killed Duvessa
  5786 | D:6      | Killed Dowan
  6190 | D:2      | Bought an ancient morningstar for 189 gold pieces
  6190 | D:2      | Identified the +10 morningstar of the Equinox {flame, Fly
                  | rN+ Str-5 Int+2} (You bought it in a shop on level 2 of the
                  | Dungeon)
  6307 | D:7      | Noticed Menkaure
  6311 | D:7      | Killed Menkaure
  6312 | D:7      | Reached skill level 1 in Maces & Flails
  6364 | D:7      | Killed an unseen horror
  6479 | D:7      | Found a staircase to the Ecumenical Temple.
  6490 | Temple   | Entered the Ecumenical Temple
  6824 | Temple   | Became a worshipper of Zin the Law-Giver
  6824 | Temple   | Reached * piety under Zin
  6870 | D:7      | Found Bek Sosti's Antique Weapon Emporium.
  6952 | D:7      | Reached skill level 1 in Stealth
  7665 | D:8      | Found a runed translucent gate.
  7665 | D:8      | Found a runed translucent gate.
  7665 | D:8      | Found a runed translucent gate.
  7911 | D:8      | Reached XP level 10. HP: 47/63 MP: 10/10
  7995 | D:8      | Noticed Psyche
  8002 | D:8      | Killed Psyche
  8036 | D:8      | Noticed Nedwor's ghost (novice GrGl)
  8491 | D:8      | Reached skill level 1 in Invocations
  8509 | D:8      | Reached ** piety under Zin
  8565 | D:8      | Noticed Pikel
  8575 | D:8      | Killed Pikel
  8840 | D:8      | Found a hide-covered altar of Uskayaw.
  9024 | D:8      | Reached skill level 5 in Stealth
  9325 | D:9      | Found a staircase to the Lair.
  9376 | D:9      | Noticed a two-headed ogre
  9417 | D:9      | Gained mutation: You expend magic power (3 MP) to
                  | strengthen your wands. [potion of mutation]
  9417 | D:9      | Gained mutation: You are agile. (Dex +4, Str/Int -1)
                  | [potion of mutation]
  9864 | D:9      | Reached skill level 5 in Maces & Flails
 10028 | D:9      | Killed a two-headed ogre
 10029 | D:9      | Reached skill level 5 in Shields
 10090 | D:9      | Noticed a kobold demonologist
 10101 | D:9      | Noticed a rust devil
 10103 | D:10     | Entered Level 10 of the Dungeon
 10105 | D:10     | Reached XP level 11. HP: 40/70 MP: 13/13
 10111 | D:10     | Reached skill level 5 in Fighting
 10128 | D:10     | Reached skill level 5 in Dodging
 10242 | D:10     | Found a staircase to the Orcish Mines.
 10333 | D:10     | Noticed an orc knight
 10347 | D:10     | Killed an orc knight
 10468 | D:10     | Noticed Joseph
 10473 | D:10     | Slain by Joseph

Illustrated notes

Levels and vault maps discovered:
D:1:      ldierk_walled_garden_2, layout_basic, solitary_fountain
D:2:      layout_basic, serial_shops, shop, nicolae_shop_overgrown_old_shop,
          shop, minmay_diced_spiral
D:3:      layout_basic, nicolae_overflow_crystal_walls, gup_sewer_entry_bowl,
          amcnicky_mini_rare_corridor_liquid, uniq_terence
D:4:      layout_rooms
D:5:      kennysheep_six_static_rooms, layout_gridville, grunt_decor_junction,
          goddamned_bats
D:6:      layout_basic, uniq_duvessa
D:7:      layout_gridville, minmay_temple_entry_statues_fountains, serial_shops,
          shop_fountains, nicolae_nh_ransacked_shop, uniq_menkaure
D:8:      layout_gridville, nicolae_uskayaw_suspiria, gammafunk_ghost_icy,
          uniq_pikel, uniq_psyche
D:9:      layout_cave_pools, lair_entry_dummy, serial_column_ruins,
          column_ruins_hut, column_ruins_corridor_straight, column_ruins_grid_3,
          column_ruins_open_tiny, column_ruins_columns_water,
          column_ruins_grid_3
D:10:     layout_long_grid, david_orc_5, minmay_misc_feat_rows, uniq_erolcha,
          uniq_joseph
Temple:   mainiacjoe_temple_cubbyholes

Skill      XL: |  1  2  3  4  5  6  7  8  9 10 11 |
---------------+----------------------------------+-----
Polearms       | 3 4 5 6 7 9 11 12 | 12.4
Maces & Flails | 3 5 6 |  6.1
Stealth        | 3 6 |  6.0
Dodging        | 4 5 |  5.0
Fighting       | 4 5 |  5.0
Shields        | 5 6 |  6.2
Invocations    | 3 4 |  4.7

Action                     |  1- 3 |  4- 6 |  7- 9 | 10-12 || total
---------------------------+-------+-------+-------+-------++-------
  Melee: Trident           |    66 |    78 |   303 |       ||   447
         Constrict         |    17 |    19 |    65 |    32 ||   133
         Tentacles         |    10 |    21 |    62 |    37 ||   130
         Punch             |     1 |       |     2 |     1 ||     4
         Unarmed           |       |    12 |       |       ||    12
         Morningstar       |       |       |    38 |   169 ||   207
  Throw: Dart              |       |       |       |     8 ||     8
 Invoke: Recite            |       |       |       |     4 ||     4
  Evoke: Wand              |       |     3 |     2 |    21 ||    26
    Use: Potion            |       |     5 |     4 |    10 ||    19
         Scroll            |       |       |    10 |     5 ||    15
   Stab: Sleeping          |    10 |    12 |    21 |     2 ||    45
         Distracted        |       |     1 |       |       ||     1
         Paralysed         |       |       |       |     7 ||     7
 Armour: Skin              |       |    10 |    27 |     4 ||    41
  Dodge: Dodged            |    15 |    48 |   135 |    70 ||   268
  Block: Buckler           |     4 |     8 |    53 |       ||    65
         Tower shield      |       |       |    24 |   151 ||   175

Table legend: (Time is in decaauts)
 A = Elapsed time spent in this place.
 B = Non-inter-level travel time spent in this place.
 C = Inter-level travel time spent in this place.
 D = Time resting spent in this place.
 E = Time spent auto-exploring this place.
 F = Levels seen in this place.
 G = Mean time per level.
                   A        B        C        D        E       F      G
               +--------+--------+--------+--------+--------+-----+--------+
         Total |  10540 |   9956 |    584 |   1428 |   6486 |  12 |  878.3 |
       Dungeon |   9305 |   8787 |    518 |   1359 |   5605 |  10 |  930.5 |
        Temple |    370 |    304 |     66 |      0 |    302 |   1 |  370.0 |
         Sewer |    864 |    864 |      0 |     69 |    579 |   1 |  864.0 |
               +--------+--------+--------+--------+--------+-----+--------+

Top non-repeatable levels by time:
     D:8: 1816 daAuts
     D:5: 1453 daAuts
     D:7: 1276 daAuts
     D:6: 1170 daAuts
     D:2: 898 daAuts
   Sewer: 864 daAuts
     D:3: 825 daAuts
     D:4: 538 daAuts
     D:1: 524 daAuts
    D:10: 403 daAuts
     D:9: 398 daAuts
  Temple: 370 daAuts
